 Dungeon Crawl Stone Soup version 0.14-a0-987-gc8002fa (webtiles) character file.

86 Inkie the Digger (level 3, 0/19 HPs)
             Began as a Gargoyle Earth Elementalist on Nov 21, 2013.
             Slain by a giant cockroach (1 damage)
             ... on Level 2 of the Dungeon.
             The game lasted 00:06:58 (1804 turns).

Inkie the Digger (Gargoyle Earth Elementalist)      Turns: 1804, Time: 00:06:58

HP   0/19        AC  5     Str 11      XL: 3   Next: 83%
MP   0/5         EV 12     Int 16      God:
Gold 35          SH  0     Dex 10      Spells:  1 memorised,  3 levels left

Res.Fire  : . . .   See Invis. : .   (no weapon)
Res.Cold  : . . .   Warding    : .   c - +0 robe
Life Prot.: + . .   Conserve   : .   (no shield)
Res.Poison: +       Res.Corr.  : .   (no helmet)
Res.Elec. : +       Clarity    : .   (no cloak)
Sust.Abil.: . .     Spirit.Shd : .   (no gloves)
Res.Mut.  : .       Stasis     : .   (no boots)
Res.Rott. : +       Flight     : .   (no amulet)
Saprovore : . . .                    (no ring)
                                     (no ring)

@: invisible, very slightly contaminated, not resistant to hostile enchantments,
fairly stealthy
A: fangs 1, talons 2, life protection 1, electricity resistance, slow metabolism
1, unbreathing, petrification resistance, AC +3
a: no special abilities


You were on level 2 of the Dungeon.
You were hungry.

You visited 1 branch of the dungeon, and saw 2 of its levels.

You collected 35 gold pieces.

Inventory:

Armour
 c - a +0 robe (worn)
Comestibles
 a - 2 bread rations
 l - a meat ration
Scrolls
 b - a scroll of teleportation {unknown}
 g - a scroll of enchant weapon I {unknown}
 i - a scroll of identify {unknown}
Jewellery
 h - an uncursed amulet of the gourmand {unknown}
 k - an uncursed amulet of rage {unknown}
Potions
 j - a potion of cure mutation
Books
 d - a book of Geomancy

   Spells                             Type                      Level
   *Sandblast                         Earth                        1
   Stoneskin                          Transmutation/Earth          2
   Passwall                           Transmutation/Earth          3
   Stone Arrow                        Conjuration/Earth            3
   Petrify                            Transmutation/Earth          4
   Lee's Rapid Deconstruction         Earth                        5


   Skills:
 - Level 1.5 Dodging
 - Level 2.1 Stealth
 - Level 1.0 Spellcasting
   Level 0.7 Transmutations
 + Level 5.6 Earth Magic


You had 3 spell levels left.
You knew the following spells:

 Your Spells              Type           Power        Failure   Level  Hunger
a - Sandblast             Erth           ###...       2%          1    ##.....


Dungeon Overview and Level Annotations

Branches:
Dungeon (2/16)

Altars:


Innate Abilities, Weirdness & Mutations

You are resistant to torment.
You are immune to poison.
Your stone body is very resilient (AC +3).
You have very sharp teeth.
You have razor-sharp toenails.
You resist negative energy.
You are resistant to electric shocks.
You have a slow metabolism.
You can survive without breathing.
You are immune to petrification.


Message History

Press: ? - help, Shift-Dir - straight line, f/p - adder
Aim: an adder (severely wounded)
Okay, then.
Sorry, you're not good enough to have a special ability.
Firing (i - inventory): No suitable missiles.
Press: ? - help, Shift-Dir - straight line, f/p - adder
Aim: an adder (severely wounded)
Okay, then.
Casting: Sandblast
Confirm with . or Enter, or press ? or * to list all spells.
You don't know that spell.
Casting: Sandblast
Confirm with . or Enter, or press ? or * to list all spells.
Aiming: Sandblast
Press: ? - help, Shift-Dir - straight line, f/p - adder
Aim: an adder (severely wounded)
The blast of sand hits the adder.
You kill the adder!
The giant cockroach bites you.
You die...

$(# #.#... #.#
#.#.## #.#
##..... #.#
#######...... #.#
#...wsr#..... #<#
#r#####..w... #.#
#%# ##..... #%#
#w# #..... #@#
#%# ##.### #s#
#.#######.# #r#
#...r$r.)..
#r#####.####.#.##
#....r..# .
#########


You could see a giant cockroach and 2 rats.

Vanquished Creatures
  An adder (D:2)
  A worm (D:2)
  A giant gecko (D:1)
  3 giant cockroaches (D:1)
  7 goblins (D:1)
  3 hobgoblins
  7 kobolds
  3 bats (D:1)
  5 giant newts
  10 rats
41 creatures vanquished.

Notes
Turn   | Place    | Note
--------------------------------------------------------------
     0 | D:1      | Inkie, the Gargoyle Earth Elementalist, began the quest for the Orb.
     0 | D:1      | Reached XP level 1. HP: 10/10 MP: 3/3
   153 | D:1      | Reached skill level 4 in Earth Magic
   208 | D:1      | Reached XP level 2. HP: 9/15 MP: 2/4
   937 | D:1      | Reached XP level 3. HP: 17/19 MP: 5/5
   982 | D:1      | Reached skill level 5 in Earth Magic
  1804 | D:2      | Slain by a giant cockroach

Action                   || total
-------------------------++-------
Melee: Unarmed           ||   159
Throw: Stone             ||    16
 Cast: Sandblast         ||    14
  Use: Potion            ||     4
 Stab: Sleeping          ||     2
